 Dungeon Crawl Stone Soup version 0.27-a0-1565-gad902ab807 (webtiles) character file.

Game seed: 14669840707538899232

392 flotson the Sneak (level 6, -2/72 HPs)
             Began as a Demonspawn Delver on July 17, 2021.
             Was an Initiate of Gozag.
             Slain by a wyvern (10 damage)
             ... on level 6 of the Dungeon.
             The game lasted 00:11:16 (6023 turns).

flotson the Sneak (Demonspawn Delver)               Turns: 6023, Time: 00:11:16

Health: -2/72      AC: 23    Str: 14    XL:     6   Next: 50%
Magic:  6/6        EV:  2    Int: 12    God:    Gozag
Gold:   271        SH:  0    Dex: 22    Spells: 5/5 levels left

rFire    . . .     SeeInvis .   x - +2 whip (venom)
rCold    . . .     Faith    .   (no shield)
rNeg     + + +     Spirit   .   (armour currently unavailable)
rPois    +         Reflect  .   (helmet currently unavailable)
rElec    .         Harm     .   (cloak currently unavailable)
rCorr    .         Rampage  .   (gloves currently unavailable)
Will     .....     NoTele   +   (boots currently unavailable)
Stlth    ++++......             (no amulet)
HPRegen  0.22/turn              q - +4 ring of protection
MPRegen  0.10/turn              m - +6 ring of dexterity

@: tree-form, corroded
A: stationary, stasis, torment immunity, boosted hp, thin skeletal structure 1
a: Renounce Religion, Potion Petition, Call Merchant, Bribe Branch


You were on level 6 of the Dungeon.
You worshipped Gozag.
Gozag was aware of your devotion.
You were a tree.
You visited 2 branches of the dungeon, and saw 8 of its levels.

You collected 361 gold pieces.
You paid 90 gold pieces to Gozag.

Inventory:

Hand Weapons
 a - a +0 hand axe
 b - a +0 trident
 x - a +2 whip of venom (weapon)
Missiles
 j - 2 throwing nets
 o - 6 javelins (quivered)
Armour
 e - a +0 scale mail
 v - a +1 leather armour of cold resistance (melded)
Jewellery
 l - a ring of protection from fire
 m - a +6 ring of dexterity (right branch)
 q - a +4 ring of protection (left branch)
Wands
 g - a wand of digging (9)
Scrolls
 k - 2 scrolls of identify
 n - 2 scrolls of immolation {unknown}
 r - a scroll of amnesia {unknown}
 s - a scroll of enchant weapon {unknown}
 t - a scroll of magic mapping
 u - a scroll of enchant armour {unknown}
 y - a scroll of brand weapon {unknown}
Potions
 d - a potion of resistance
 f - a potion of haste
 h - a potion of attraction {unknown}
 i - 3 potions of curing
 p - a potion of might
 w - a potion of degeneration {unknown}


   Skills:
 + Level 4.1 Fighting
 + Level 3.0 Axes
 + Level 1.3 Throwing
 + Level 2.1 Armour
 + Level 3.0 Dodging
 - Level 5.0 Stealth
 + Level 2.3 Evocations


You had 5 spell levels left.
You didn't know any spells.
Your spell library contained the following spells:

 Spells                   Type           Power      Damage    Failure   Level
 Magic Dart               Conj           0%         1d3       32%         1
 Call Imp                 Summ           0%         N/A       45%         2
 Poisonous Vapours        Pois/Air       0%         N/A       45%         2
 Mephitic Cloud           Conj/Pois/Air  0%         N/A       69%         3
 Fireball                 Conj/Fire      0%         3d3       100%        5
 Freezing Cloud           Conj/Ice/Air   0%         6-21      100%        5
 Starburst                Conj/Fire      0%         8x6d3     100%        6
 Ignition                 Fire           0%         3d3       100%        8


Dungeon Overview and Level Annotations

Branches:
Dungeon (7/15)             Temple (1/1) D:7

Altars:
Ashenzari
Cheibriados
Dithmenos
Elyvilon
Fedhas
Gozag
Hepliaklqana
Kikubaaqudgha
Makhleb
Nemelex Xobeh
Okawaru
Qazlal
Ru
Trog
Vehumet
Wu Jian
Xom
Yredelemnul
Zin
The Shining One

Annotations:
D:4 Eustachio, Menkaure
D:7 1 runed translucent door


Innate Abilities, Weirdness & Mutations

You are a tree.
Your roots penetrate the ground, keeping you stationary.
You cannot be teleported.
You are immune to unholy pain and torment.
Your maximum health is greatly increased.
Your equipment is partially melded.
You have a somewhat thin skeletal structure. (Dex +2, Stealth+)


Message History

You barely miss the jelly. The jelly barely misses you.
An adder comes into view.
The adder hisses angrily.
You hit the jelly but do no damage.
Your hands burn!
The jelly misses you. The wyvern barely misses you.
You hit the wyvern but do no damage. The jelly hits you but does no damage.
The wyvern closely misses you.
You hit the wyvern but do no damage. The wyvern bites you!
The jelly hits you but does no damage. The wyvern barely misses you.
You hit the wyvern but do no damage. The jelly barely misses you.
The wyvern completely misses you.
You hit the wyvern.
The wyvern is poisoned.
The wyvern is moderately wounded.
The wyvern closely misses you. The jelly completely misses you.
The wyvern bites you!
You are too injured to fight recklessly!
The jelly jiggles.
The jelly hits you but does no damage. The jelly hits you but does no damage.
The wyvern bites you!
* * * LOW HITPOINT WARNING * * *
Items here: $ )) [.
The jelly barely misses you.
There is a stone staircase leading up, spattered with blood here.
Okay, then.
Unknown command.
Okay, then.
Okay, then.
Unknown command.
Unknown command.
Really quaff the potion of lignification?
You turn into a tree.
Your +1 leather armour of cold resistance melds into your body.
You feel less resistant to cold.
Your roots penetrate the ground.
The wyvern barely misses you. The jelly hits you.
* * * LOW HITPOINT WARNING * * *
The acid corrodes you!
You are splashed with acid.
* * * LOW HITPOINT WARNING * * *
The wyvern bites you!
You die...
Your body crumbles into a pile of gold.

##### #... .# ###.# .#
####...#####.#
#...........?#
#......?.....#
####............#
#...........S...#
####.##........l♣..#
.....##........J.$.#..
.....#................#
....##.....#..#####....#
.....#......$..# ....+
##+#.###+#..#...# #..#
#.# #.#+.##..). ...$
#.###>...# #$.(# ..$
#........# .$..#


You could see a wyvern (poisoned), a jelly and an adder.

Vanquished Creatures
  A hound (D:3)
  A jelly (D:4)
  A centaur skeleton (D:6)
  An iguana (D:5)
  Ijyb (D:3)
  An orc wizard (D:5)
  4 gnolls
  8 adders
  A shadow imp (D:5)
  A worm (D:2)
  2 dart slugs
  10 orcs
  9 ball pythons
  5 endoplasms
  4 giant cockroaches (D:1)
  6 hobgoblins
  10 jackals
  4 quokkas
  10 bats
  5 frilled lizards
  3 goblins
  7 kobolds
  4 rats
99 creatures vanquished.

Vanquished Creatures (others)
  A bat (D:3)
  12 plants (D:2)
13 creatures vanquished.

Grand Total: 112 creatures vanquished

Notes
Turn   | Place    | Note
-------+----------+-------------------------------------------
     0 | D:5      | flotson the Demonspawn Delver began the quest for the Orb.
     0 | D:5      | Reached XP level 1. HP: 18/18 MP: 1/1
    38 | D:5      | Found a sacrificial altar of Ru.
    38 | D:5      | Noticed an orc wizard
    63 | D:4      | Noticed Menkaure
   350 | D:3      | Gained mutation: You have a somewhat thin skeletal
                  | structure. (Dex +2, Stealth+) [demonic ancestry]
   350 | D:3      | Reached XP level 2. HP: 18/24 MP: 2/2
   874 | D:3      | Reached XP level 3. HP: 15/29 MP: 3/3
  1186 | D:1      | Reached skill level 1 in Armour
  1506 | D:1      | Reached skill level 1 in Evocations
  2115 | D:2      | Reached XP level 4. HP: 22/35 MP: 4/4
  3340 | D:3      | Noticed Ijyb
  3380 | D:3      | Found a faded altar of an unknown god.
  3647 | D:3      | You fall into a shaft and drop 2 floors!
  3672 | D:4      | Found a shadowy altar of Dithmenos.
  3695 | D:4      | You fall into a shaft and drop 3 floors!
  3695 | D:7      | Found a staircase to the Ecumenical Temple.
  3697 | D:7      | Found a runed translucent door.
  3698 | D:7      | Noticed a sixfirhy
  3700 | Temple   | Entered the Ecumenical Temple
  4014 | Temple   | Became a worshipper of Gozag Ym Sagoz the Greedy
  4078 | D:7      | Noticed an ogre
  4112 | D:7      | Noticed a bullfrog
  4144 | D:5      | Reached XP level 5. HP: 41/41 MP: 5/5
  4394 | D:5      | Noticed an ogre
  4455 | D:3      | Reached skill level 5 in Stealth
  4920 | D:3      | Killed Ijyb
  5462 | D:4      | Noticed Eustachio
  5493 | D:3      | Reached XP level 6. HP: 42/48 MP: 6/6
  5576 | D:4      | Reached skill level 1 in Throwing
  5759 | D:4      | You fall into a shaft and drop 3 floors!
  5846 | D:6      | Noticed a wyvern
  6023 | D:6      | Slain by a wyvern

Illustrated notes

Levels and vault maps discovered:
D:1:      dpeg_arrival_rooms_c, layout_loops_ring, minmay_tetromino_l4
D:2:      minmay_door_path, layout_rooms, guppyfry_early_lair_pool
D:3:      layout_loops_corners, shapermc_ecumenical_altar_totnotflames,
          minivault_26, lemuel_old_faithful, uniq_ijyb
D:4:      layout_basic, grunt_dithmenos_smoke_and_mirrors, uniq_eustachio,
          uniq_menkaure
D:5:      layout_gridville, nicolae_sif_muna_little_library,
          nicolae_ru_great_annihilating_truth
D:6:      kb_forest_paths, layout_basic, minmay_circle_x, uniq_prince_ribbit1
D:7:      cheibrodos_shockbox, layout_loops_corners,
          minmay_temple_entry_drinking_statues
Temple:   dpeg_five_rooms_temple

Skill      XL: |  1  2  3  4  5  6 |
---------------+-------------------+-----
Dodging        | 2 3 |  3.0
Axes           | 2 3 |  3.0
Armour         | 1 2 |  2.1
Evocations     | 1 2 |  2.3
Stealth        | 5 |  5.0
Throwing       | 1 |  1.3
Fighting       | 4 |  4.1

Action                   |  1- 3 |  4- 6 || total
-------------------------+-------+-------++-------
Melee: Hand axe          |   147 |    29 ||   176
       Trident           |       |   151 ||   151
       Whip              |       |    31 ||    31
Throw: Throwing net      |       |     1 ||     1
       Javelin           |       |     3 ||     3
Evoke: Wand              |       |     1 ||     1
  Use: Scroll            |     2 |     4 ||     6
       Potion            |       |     4 ||     4
 Stab: Sleeping          |    16 |    14 ||    30
       Distracted        |       |     1 ||     1
Armor: Leather armour    |    49 |    66 ||   115
       Scale mail        |       |    20 ||    20
       Skin              |       |     3 ||     3
Dodge: Dodged            |   139 |   168 ||   307

Table legend: (Time is in decaauts)
 A = Elapsed time spent in this place.
 B = Non-inter-level travel time spent in this place.
 C = Inter-level travel time spent in this place.
 D = Time resting spent in this place.
 E = Time spent auto-exploring this place.
 F = Levels seen in this place.
 G = Mean time per level.
                   A        B        C        D        E       F      G
               +--------+--------+--------+--------+--------+-----+--------+
         Total |   6104 |   5669 |    435 |    936 |   3551 |   8 |  763.0 |
       Dungeon |   5737 |   5409 |    328 |    936 |   3293 |   7 |  819.6 |
        Temple |    366 |    259 |    107 |      0 |    258 |   1 |  366.0 |
               +--------+--------+--------+--------+--------+-----+--------+

Top non-repeatable levels by time:
     D:3: 2276 daAuts
     D:2: 1408 daAuts
     D:1: 1015 daAuts
     D:5: 494 daAuts
  Temple: 366 daAuts
     D:4: 347 daAuts
     D:7: 115 daAuts
     D:6: 79 daAuts
